 Dungeon Crawl Stone Soup version 0.28.0-47-ge53b351184 (webtiles) character file.

Game seed: 2190220756260512485

6 GigaChad the Magician (level 2, 0/21 HPs)
             Began as a Djinni Conjurer on Apr 26, 2022.
             Slain by an adder (5 damage)
             ... on level 2 of the Dungeon on Apr 27, 2022.
             The game lasted 00:01:27 (374 turns).

GigaChad the Magician (Djinni Conjurer)              Turns: 374, Time: 00:01:28

Health: 0/21       AC:  2    Str:  6    XL:     2   Next: 0%
Gold:   15         EV: 12    Int: 19    God:
                   SH:  0    Dex: 11

rFire   + + .      SeeInvis .   (no weapon)
rCold   x . .      Faith    .   (no shield)
rNeg    . . .      Spirit   .   a - +0 robe
rPois   ∞          Reflect  .   (no helmet)
rElec   .          Harm     .   (no cloak)
rCorr   .          Rampage  .   (no gloves)
Will    .....                   (boots unavailable)
Stlth   ++........              (no amulet)
HPRegen 0.07/turn               (no ring)
MPRegen 0.00/turn               (no ring)

@: flying
A: sickness immunity, fire resistance 2, cold vulnerability 1, float, innate
caster, HP casting, extra vitality 1
a: no special abilities


You were on level 2 of the Dungeon.
You visited 1 branch of the dungeon, and saw 2 of its levels.

You collected 15 gold pieces.

Inventory:

Armour
 a - a +0 robe (worn)
Jewellery
 d - a ring of positive energy
Scrolls
 b - 3 scrolls of teleportation {unknown}
 c - a scroll of noise {unknown}
 e - a scroll of identify {unknown}
Potions
 f - 2 potions of cancellation {unknown}


   Skills:
 + Level 2.1 Dodging
 + Level 1.7 Stealth
 + Level 3.4 Spellcasting


You couldn't memorise any spells.
You knew the following spells:

 Your Spells              Type           Power      Damage    Failure   Level
a - Magic Dart            Conj           64%        1d6       3%          1
b - Searing Ray           Conj           32%        2d5       5%          2
c - Dazzling Flash        Conj/Hex       32%        N/A       11%         3
d - Fulminant Prism       Conj/Hex       8%         3d7       34%         4
e - Iskenderun's Mystic   Conj/Tloc      16%        2d5       34%         4
Your spell library was empty.

Dungeon Overview and Level Annotations

Branches:
Dungeon (2/15)

Altars:

Shops:
D:1 ?


Innate Abilities, Weirdness & Mutations

You are immune to sickness and miasma.
You are immune to poison.
Your flesh is very heat resistant. (rF++)
You are vulnerable to cold. (rC-)
You float through the air rather than walking.
You learn spells naturally, not from books.
Your magical power is your life essence.
You have superior vitality. (+4 MHP)


Message History

The magic dart hits the worm.
The worm is heavily wounded.
The magic dart hits the worm.
The worm is heavily wounded.
The worm bites you but does no damage. The hobgoblin hits you.
You hit the hobgoblin but do no damage. The hobgoblin hits you.
The magic dart hits the worm.
The worm is severely wounded.
The worm bites you!
* * * LOW HITPOINT WARNING * * *
The hobgoblin misses you.
You are too injured to fight recklessly!
You are too injured to fight recklessly!
You are too injured to fight recklessly!
You are too injured to fight recklessly!
You are too injured to fight recklessly!
You are too injured to fight recklessly!
Welcome back, GigaChad the Djinni Conjurer.
Press ? for a list of commands and other information.
You are too injured to fight recklessly!
The hobgoblin closely misses you.
Found a book of Geomancy.
Found a stone staircase leading up.
An endoplasm comes into view.
The endoplasm quivers.
The endoplasm moves out of view.
The endoplasm hits you but does no damage.
The hobgoblin barely misses you.
You see here a book of Geomancy.
The book of Geomancy burns to shimmering ash in your grasp.
The hobgoblin closely misses you. The endoplasm closely misses you.
The hobgoblin hits you.
* * * LOW HITPOINT WARNING * * *
The endoplasm hits you but does no damage.
An adder comes into view.
The adder hisses angrily.
The endoplasm misses you.
An adder comes into view.
The adder barely misses you. The adder bites you.
You die...

####........#
#...........#
#..(........###
#..............
#........)..###
#............#
#..###........#
##.# #........#
#@.# #........#
#S###S##
#........#
#....J##
#.##.#####
...####g.# #. #.
.........# #.. ...
.##..###w###.#...#
#.
.....###.......#.#
#.
.......<.###.###.#
#. #.##......##.#
#.# #.##


You could see a worm, an adder, an endoplasm and a hobgoblin.

Vanquished Creatures
  An endoplasm (D:1)
  A hobgoblin (D:1)
  A bat (D:1)
  A frilled lizard (D:2)
  2 goblins (D:2)
6 creatures vanquished.

Notes
Turn   | Place    | Note
-------+----------+-------------------------------------------
     0 | D:1      | GigaChad the Djinni Conjurer began the quest for the Orb.
     0 | D:1      | Reached XP level 1. HP: 15/15 MP: 0/0
   196 | D:1      | Found Gizol's Magic Scroll Boutique.
   230 | D:1      | You are sucked into a shaft and drop 1 floor!
   292 | D:2      | Reached XP level 2. HP: 17/21 MP: 0/0
   374 | D:2      | Slain by an adder

Illustrated notes

Levels and vault maps discovered:
D:1:      dpeg_arrival_round_c, layout_basic, serial_shops,
          nicolae_shop_crystal, chequers_ecumenical_altar_twisty,
          minmay_hexomino_p4
D:2:      layout_rooms, uniq_terence

Action                   || total
-------------------------++-------
Melee: Unarmed           ||     7
 Cast: Magic Dart        ||    12
Armor: Robe              ||     4
Dodge: Dodged            ||    17
